Lightning vs Panthers (R1)

Created - November 21, 2024 at 20:41

Goals
1 2 3 OT1 T
Lightning 0 2 1 1 4
Panthers 1 1 1 0 3
Shots
1 2 3 OT1 T
Lightning 8 8 11 1 28
Panthers 13 11 12 0 36

1st period

1. Panthers , Mikkel Boedker 8 (Matt Duchene 14) at 9:57 (PP)

Penalties :
Drake Batherson (Flo) for Tripping (Minor) at 2:52, Ben Hutton (T.B) for Interference (Minor) at 8:46, Nikita Kucherov (Flo) for Tripping (Minor) at 10:43

2nd period

2. Panthers , Jimmy Vesey 1 (Kris Versteeg 1, Miro Aaltonen 4) at 2:57
3. Lightning , Brandon Hagel 3 (Nico Hischier 5, Jack Roslovic 3) at 4:46 (PP)
4. Lightning , Logan Couture 3 (Anthony Beauvillier 3) at 16:25

Penalties :
Mikkel Boedker (Flo) for Holding (Minor) at 3:40, Jimmy Vesey (Flo) for Hooking (Minor) at 6:08, Griffin Reinhart (Flo) for Interference (Minor) at 10:37

3rd period

5. Panthers , Mikkel Boedker 9 (Niklas Hansson 6, Nikita Kucherov 10) at 8:36
6. Lightning , Lawson Crouse 4 (Alexander Kerfoot 12) at 17:48

Penalties :
Matt Duchene (Flo) for Holding (Minor) at 2:28, Alexander Kerfoot (T.B) for Interference (Minor) at 3:20, Aleksander Barkov (Flo) for Tripping (Minor) at 9:58, Jesper Fast (T.B) for Slashing (Minor) at 13:48, Miro Aaltonen (Flo) for Hooking (Minor) at 18:10

Overtime #1

7. Lightning , Jack Roslovic 6 (Jonathan Drouin 5, John Carlson 3) at 0:35

Penalties :
No Penalty

Goalie Stats

Alex Nedeljkovic (T.B), 33 saves from 36 shots - (0.917), W, 8-3-0, 60:35 minutes
Ville Husso (Flo), 24 saves from 28 shots - (0.857), OTL, 5-5-1, 60:35 minutes

Players Stats for Lightning

Player Name              G  A  P  +/- PIM S  H  SB GA TA FO     MP     PP MP  PK MP  
------------------------------------------------------------------------------------
Alex DeBrincat           0  0  0   1  0   0  2  0  0  0  2/2    20:38   7:17   0:00 
Alexander Kerfoot        0  1  1   1  2   2  3  1  2  0  18/36  23:01   7:13   2:02 
Anthony Beauvillier      0  1  1   0  0   0  0  0  0  0  0/0     9:16   0:00   0:00 
Ben Hutton               0  0  0   1  2   0  0  1  0  0  0/0     9:49   0:10   0:00 
Brandon Hagel            1  0  1   0  0   3  2  0  1  0  1/2    15:30   6:21   0:00 
Daultan Leveillé         0  0  0  -1  0   1  1  0  0  0  2/2     6:47   0:00   0:00 
Jack Roslovic            1  1  2   1  0   2  2  0  2  0  0/0    18:11   6:21   0:00 
Jesper Fast              0  0  0  -1  2   1  0  1  0  0  0/0     7:42   0:04   0:00 
John Carlson             0  1  1  -1  0   0  0  2  1  0  0/0    24:54   5:53   1:53 
Jonathan Drouin          0  1  1   1  0   1  0  0  0  0  0/0    13:10   0:00   0:58 
Lawson Crouse            1  0  1   1  0   5  2  0  1  1  0/1    24:14   7:17   2:24 
Logan Couture            1  0  1   0  0   1  0  0  0  1  5/10   10:07   0:11   0:35 
Michael Kostka           0  0  0   1  0   0  0  0  0  0  0/0    17:09   0:00   2:09 
Miro Heiskanen           0  0  0   1  0   3  3  1  0  0  0/0    18:14   7:39   0:00 
Nico Hischier            0  1  1   0  0   1  2  0  0  0  5/10   19:03   6:21   0:57 
Rasmus Ristolainen       0  0  0  -1  0   5  5  0  1  3  0/0    27:38   7:49   1:53 
Shayne Gostisbehere      0  0  0   0  0   2  1  2  0  0  0/0    23:14   5:53   2:09 
Teemu Hartikainen        0  0  0  -1  0   1  0  0  0  0  0/0     8:20   0:00   1:08 

Players Stats for Panthers

Player Name              G  A  P  +/- PIM S  H  SB GA TA FO     MP     PP MP  PK MP  
------------------------------------------------------------------------------------
Aleksander Barkov        0  0  0  -2  2   0  0  0  0  0  9/17   19:24   1:25   6:18 
Alex Pietrangelo         0  0  0   0  0   2  2  2  1  0  0/0    23:33   3:06   0:00 
Danny DeKeiser           0  0  0   1  0   1  3  2  0  1  0/0    23:55   2:55   5:42 
Dmitrij Jaskin           0  0  0   0  0   2  1  0  0  0  0/0     6:17   0:00   0:00 
Dominik Kahun            0  0  0   0  0   3  1  0  0  0  0/4     9:42   0:00   3:17 
Drake Batherson          0  0  0  -2  2   1  1  1  0  2  0/0    12:39   1:14   0:00 
Griffin Reinhart         0  0  0   1  2   1  0  0  0  0  0/0    14:24   0:56   0:00 
Jimmy Vesey              1  0  1   1  2   4  0  0  0  0  1/1    11:40   0:11   2:17 
Kris Versteeg            0  1  1   0  0   1  0  1  0  0  4/4    16:32   0:00   7:44 
Ladislav Smid            0  0  0  -2  0   0  0  0  0  1  0/0    16:15   0:00   8:10 
Matt Duchene             0  1  1   1  2   7  3  1  2  0  11/26  17:48   2:48   0:05 
Mikkel Boedker           2  0  2   1  2   6  3  1  0  1  2/3    21:09   2:37   3:33 
Miro Aaltonen            0  1  1   0  2   1  2  0  1  0  2/5    13:07   0:00   4:02 
Nikita Kucherov          0  1  1   1  2   4  1  0  1  0  1/1    18:25   2:37   0:00 
Niklas Hansson           0  1  1  -1  0   1  1  1  0  2  0/0    28:58   1:07   8:10 
Nikolay Goldobin         0  0  0   0  0   1  1  0  0  0  0/0     6:01   0:00   0:18 
Pavel Buchnevich         0  0  0  -2  0   0  4  0  0  0  0/2    13:24   1:14   0:00 
Radim Simek              0  0  0  -1  0   1  0  0  0  1  0/0    14:00   0:00   5:42 

3 Stars

1 - Mikkel Boedker (Flo)
2 - Jack Roslovic (T.B)
3 - Lawson Crouse (T.B)

Power Play

Lightning - 1 on 8 Attempt(s) - 12.50%
Panthers - 1 on 3 Attempt(s) - 33.33%

Penalty Kill

Lightning - 2 on 3 Attempt(s) - 66.67% - Score 0 goal in Penalty Kill
Panthers - 7 on 8 Attempt(s) - 87.50% - Score 0 goal in Penalty Kill

Team Stat

Lightning - Hits : 23 - Faceoff Wins : 33 - Blocked Shots : 8 - Penalty Minutes : 6
Panthers - Hits : 23 - Faceoff Wins : 30 - Blocked Shots : 9 - Penalty Minutes : 16

Official

Referees : Jacob Brenk and Eric Furlatt
Linesman : Derek Amell and Kory Nagy

Game Notes

Nikolay Goldobin is injured at 5:41 of 3rd period (Torn Left Knee Ligaments)

Finance

Level 1 -- Attendance: 6000 (100.00%) -- Ticket Income $600,000
Level 2 -- Attendance: 4601 (92.02%) -- Ticket Income $322,070
Level 3 -- Attendance: 1997 (99.85%) -- Ticket Income $79,880
Level 4 -- Attendance: 3574 (89.35%) -- Ticket Income $107,220
Luxury Box -- Attendance: 1000 (100.00%) -- Ticket Income $200,000
Game was played at the BBT Center.
Total Attendance: 17172 (95.40%)
Total Ticket Income: $1,309,170
Other Income: $196,376
Total Income: $1,505,546

Lightning

5 vs 5 Forward 
   Center                   Left Wing                Right Wing               Time % Phy DF OF 
 1 Alexander Kerfoot        Alex DeBrincat           Lawson Crouse            40     1   2  2  
 2 Nico Hischier            Jonathan Drouin          Jack Roslovic            30     1   2  2  
 3 Logan Couture            Brandon Hagel            Anthony Beauvillier      20     1   2  2  
 4 Daultan Leveillé         Teemu Hartikainen        Jesper Fast              10     1   2  2  

5 vs 5 Defense 
   Defense                  Defense                                           Time % Phy DF OF 
 1 Rasmus Ristolainen       John Carlson                                      40     1   2  2  
 2 Michael Kostka           Shayne Gostisbehere                               30     1   2  2  
 3 Ben Hutton               Miro Heiskanen                                    20     1   2  2  
 4 Rasmus Ristolainen       Miro Heiskanen                                    10     1   2  2  

PowerPlay Forward 
   Center                   Left Wing                Right Wing               Time % Phy DF OF 
 1 Alexander Kerfoot        Alex DeBrincat           Lawson Crouse            60     1   2  2  
 2 Nico Hischier            Brandon Hagel            Jack Roslovic            40     1   2  2  

PowerPlay Defense
   Defense                  Defense                                           Time % Phy DF OF 
 1 Rasmus Ristolainen       Miro Heiskanen                                    60     1   2  2  
 2 Shayne Gostisbehere      John Carlson                                      40     1   2  2  

Penalty Kill 4 Players Forward 
   Center                   Wing                     Time % Phy DF OF 
 1 Alexander Kerfoot        Lawson Crouse            60     1   2  2  
 2 Logan Couture            Teemu Hartikainen        40     1   2  2  

Penalty Kill 4 Players Defense
   Defense                  Defense                  Time % Phy DF OF 
 1 Rasmus Ristolainen       John Carlson             60     1   2  2  
 2 Michael Kostka           Shayne Gostisbehere      40     1   2  2  

Penalty Kill - 3 Players Forward 
   Forward                                           Time % Phy DF OF 
 1 Alexander Kerfoot                                 60     1   2  2  
 2 Logan Couture                                     40     1   2  2  

Penalty Kill - 3 Players Defense
   Defense                  Defense                  Time % Phy DF OF 
 1 Rasmus Ristolainen       John Carlson             60     1   2  2  
 2 Michael Kostka           Shayne Gostisbehere      40     1   2  2  

4 vs 4 Forward 
   Center                   Wing                     Time % Phy DF OF 
 1 Alexander Kerfoot        Lawson Crouse            60     1   2  2  
 2 Nico Hischier            Alex DeBrincat           40     1   2  2  

4 vs 4 Defense
   Defense                  Defense                  Time % Phy DF OF 
 1 Rasmus Ristolainen       John Carlson             60     1   2  2  
 2 Michael Kostka           Shayne Gostisbehere      40     1   2  2  

Last Minutes Offensive
   Center                   Left Wing                Right Wing               Defense                  Defense                  
   Alexander Kerfoot        Jonathan Drouin          Lawson Crouse            Rasmus Ristolainen       John Carlson             

Last Minutes Defensive
   Center                   Left Wing                Right Wing               Defense                  Defense                  
   Alexander Kerfoot        Jonathan Drouin          Lawson Crouse            Rasmus Ristolainen       John Carlson             

Goaltenders
Starting : Alex Nedeljkovic         
Backup : Anton Forsberg           

Extra Forwards
Normal : Brandon Hagel, Jesper Fast, Teemu Hartikainen - PP : Logan Couture, Jesper Fast - PK : Teemu Hartikainen
Extra Defensemen
Normal : Ben Hutton, Miro Heiskanen, Michael Kostka - PP : Ben Hutton - PK : Miro Heiskanen, Michael Kostka
Penalty Shots
Alexander Kerfoot, Lawson Crouse, Jack Roslovic, Jonathan Drouin, Logan Couture
Custom OT Lines Forwards
Alexander Kerfoot, Lawson Crouse, Jack Roslovic, Jonathan Drouin, Logan Couture, Alex DeBrincat, Jesper Fast, Teemu Hartikainen, Daultan Leveillé, Brandon Hagel
Custom OT Lines Defensemen
Rasmus Ristolainen, John Carlson, Michael Kostka, Shayne Gostisbehere, Ben Hutton

Scratches
Brendan Perlini (Healthy), Dalton Thrower (Healthy)

Panthers

5 vs 5 Forward 
   Center                   Left Wing                Right Wing               Time % Phy DF OF 
 1 Matt Duchene             Mikkel Boedker           Nikita Kucherov          40     0   2  3  
 2 Aleksander Barkov        Pavel Buchnevich         Drake Batherson          30     0   2  3  
 3 Miro Aaltonen            Jimmy Vesey              Kris Versteeg            20     1   2  2  
 4 Dominik Kahun            Nikolay Goldobin         Dmitrij Jaskin           10     1   2  2  

5 vs 5 Defense 
   Defense                  Defense                                           Time % Phy DF OF 
 1 Alex Pietrangelo         Niklas Hansson                                    40     0   2  3  
 2 Danny DeKeiser           Griffin Reinhart                                  30     1   2  2  
 3 Ladislav Smid            Radim Simek                                       20     0   3  2  
 4 Alex Pietrangelo         Danny DeKeiser                                    10     0   2  3  

PowerPlay Forward 
   Center                   Left Wing                Right Wing               Time % Phy DF OF 
 1 Matt Duchene             Mikkel Boedker           Nikita Kucherov          60     0   1  4  
 2 Aleksander Barkov        Pavel Buchnevich         Drake Batherson          40     0   1  4  

PowerPlay Defense
   Defense                  Defense                                           Time % Phy DF OF 
 1 Alex Pietrangelo         Danny DeKeiser                                    60     0   2  3  
 2 Niklas Hansson           Griffin Reinhart                                  40     0   2  3  

Penalty Kill 4 Players Forward 
   Center                   Wing                     Time % Phy DF OF 
 1 Aleksander Barkov        Kris Versteeg            60     1   3  1  
 2 Miro Aaltonen            Mikkel Boedker           40     1   3  1  

Penalty Kill 4 Players Defense
   Defense                  Defense                  Time % Phy DF OF 
 1 Ladislav Smid            Niklas Hansson           60     1   3  1  
 2 Danny DeKeiser           Radim Simek              40     1   3  1  

Penalty Kill - 3 Players Forward 
   Forward                                           Time % Phy DF OF 
 1 Kris Versteeg                                     60     1   3  1  
 2 Aleksander Barkov                                 40     1   3  1  

Penalty Kill - 3 Players Defense
   Defense                  Defense                  Time % Phy DF OF 
 1 Ladislav Smid            Niklas Hansson           60     1   3  1  
 2 Danny DeKeiser           Radim Simek              40     1   3  1  

4 vs 4 Forward 
   Center                   Wing                     Time % Phy DF OF 
 1 Matt Duchene             Nikita Kucherov          60     0   2  3  
 2 Aleksander Barkov        Mikkel Boedker           40     0   2  3  

4 vs 4 Defense
   Defense                  Defense                  Time % Phy DF OF 
 1 Alex Pietrangelo         Niklas Hansson           60     0   2  3  
 2 Danny DeKeiser           Griffin Reinhart         40     0   2  3  

Last Minutes Offensive
   Center                   Left Wing                Right Wing               Defense                  Defense                  
   Matt Duchene             Mikkel Boedker           Nikita Kucherov          Alex Pietrangelo         Griffin Reinhart         

Last Minutes Defensive
   Center                   Left Wing                Right Wing               Defense                  Defense                  
   Aleksander Barkov        Mikkel Boedker           Kris Versteeg            Danny DeKeiser           Niklas Hansson           

Goaltenders
Starting : Ville Husso              
Backup : Brandon Halverson        

Extra Forwards
Normal : Pavel Buchnevich, Nikita Kucherov, Matt Duchene - PP : Drake Batherson, Matt Duchene - PK : Miro Aaltonen
Extra Defensemen
Normal : Radim Simek, Alex Pietrangelo, Niklas Hansson - PP : Alex Pietrangelo - PK : Radim Simek, Niklas Hansson
Penalty Shots
Drake Batherson, Nikita Kucherov, Mikkel Boedker, Miro Aaltonen, Aleksander Barkov
Custom OT Lines Forwards
Matt Duchene, Nikita Kucherov, Aleksander Barkov, Drake Batherson, Pavel Buchnevich, Mikkel Boedker, Miro Aaltonen, Jimmy Vesey, Nikolay Goldobin, Kris Versteeg
Custom OT Lines Defensemen
Alex Pietrangelo, Danny DeKeiser, Niklas Hansson, Griffin Reinhart, Ladislav Smid

Scratches
None


% Time on Ice - Lightning

Lines # - Real PCT - Wanted PCT - Time Play
Normal Forward
1 - 33% - 40% - 13:31
2 - 28% - 30% - 11:35
3 - 23% - 20% - 9:16
4 - 16% - 10% - 6:47
Normal Defense
1 - 40% - 40% - 16:25
2 - 36% - 30% - 14:59
3 - 20% - 20% - 8:25
4 - 3% - 10% - 1:20
PP Forward
1 - 54% - 60% - 7:21
2 - 46% - 40% - 6:21
PP Defense
1 - 57% - 60% - 7:49
2 - 43% - 40% - 5:53
PK Forward
1 - 86% - 60% - 3:27
2 - 14% - 40% - 0:35
PK Defense
1 - 47% - 60% - 1:53
2 - 53% - 40% - 2:09
PK3 Forward
1 - 0% - 60%
2 - 0% - 40%
PK3 Defense
1 - 0% - 60%
2 - 0% - 40%
44 Forward
1 - 100% - 60% - 1:17
2 - 0% - 40% - 0:00
44 Defense
1 - 83% - 60% - 1:04
2 - 17% - 40% - 0:13
Last Minute Offensive  - 0:00
Last Minute Defensive  - 0:00
Total
Forward - 60:10
Defense - 60:10

% Time on Ice - Panthers

Lines # - Real PCT - Wanted PCT - Time Play
Normal Forward
1 - 37% - 40% - 15:13
2 - 28% - 30% - 11:26
3 - 20% - 20% - 8:13
4 - 15% - 10% - 6:17
Normal Defense
1 - 45% - 40% - 18:31
2 - 32% - 30% - 13:18
3 - 18% - 20% - 7:31
4 - 4% - 10% - 1:49
PP Forward
1 - 69% - 60% - 2:48
2 - 31% - 40% - 1:14
PP Defense
1 - 77% - 60% - 3:06
2 - 23% - 40% - 0:56
PK Forward
1 - 73% - 60% - 10:00
2 - 27% - 40% - 3:42
PK Defense
1 - 58% - 60% - 8:00
2 - 42% - 40% - 5:42
PK3 Forward
1 - 100% - 60% - 0:10
2 - 0% - 40% - 0:00
PK3 Defense
1 - 100% - 60% - 0:10
2 - 0% - 40% - 0:00
44 Forward
1 - 100% - 60% - 1:07
2 - 0% - 40% - 0:00
44 Defense
1 - 51% - 60% - 0:34
2 - 49% - 40% - 0:33
Last Minute Offensive  - 0:00
Last Minute Defensive  - 0:00
Total
Forward - 60:10
Defense - 60:10

Play-by-Play

1st period


0:01 of 1st period - Alex DeBrincat wins face-off versus Mikkel Boedker in neutral zone.
0:06 of 1st period - Slapshot by Alex Pietrangelo.
0:06 of 1st period - Deflect By Mikkel Boedker.
0:06 of 1st period - Stopped by Alex Nedeljkovic without a rebound.
0:07 of 1st period - Matt Duchene wins face-off versus Alexander Kerfoot in Lightning zone.
0:12 of 1st period - Snap shot by Matt Duchene.
0:12 of 1st period - Stopped by Alex Nedeljkovic with a rebound.
0:14 of 1st period - Slapshot by Alex Pietrangelo.
0:14 of 1st period - Deflect By Matt Duchene.
0:14 of 1st period - Stopped by Alex Nedeljkovic without a rebound.
0:15 of 1st period - Aleksander Barkov wins face-off versus Nico Hischier in Lightning zone.
0:27 of 1st period - Off-side.
0:28 of 1st period - Miro Aaltonen wins face-off versus Logan Couture in neutral zone.
0:32 of 1st period - Off-side.
0:33 of 1st period - Logan Couture wins face-off versus Miro Aaltonen in neutral zone.
1:09 of 1st period - Alex DeBrincat is hit by Matt Duchene and loses puck.
2:30 of 1st period - Snap shot by Nikita Kucherov.
2:30 of 1st period - Stopped by Alex Nedeljkovic without a rebound.
2:31 of 1st period - Aleksander Barkov wins face-off versus Logan Couture in Lightning zone.
2:52 of 1st period - Minor Penalty to Drake Batherson for Tripping.
2:53 of 1st period - Alexander Kerfoot wins face-off versus Aleksander Barkov in Panthers zone.
3:02 of 1st period - Slapshot by Alexander Kerfoot.
3:02 of 1st period - Shot Misses the Net.
3:18 of 1st period - Shayne Gostisbehere is hit by Miro Aaltonen and loses puck.
3:33 of 1st period - Niklas Hansson is hit by Miro Heiskanen and loses puck.
3:46 of 1st period - Snap shot by Mikkel Boedker.
3:46 of 1st period - Shot Misses the Net.
3:52 of 1st period - Ladislav Smid is hit by Alex DeBrincat and loses puck.
4:29 of 1st period - John Carlson is hit by Dominik Kahun.
4:52 of 1st period - Penalty to Drake Batherson is over, Drake Batherson is back on ice.
5:27 of 1st period - Snap shot by Dominik Kahun.
5:27 of 1st period - Stopped by Alex Nedeljkovic with a rebound.
5:29 of 1st period - Slapshot by Radim Simek.
5:29 of 1st period - Stopped by Alex Nedeljkovic with a rebound.
5:31 of 1st period - Wrist shot by Radim Simek.
5:31 of 1st period - Shot Misses the Net.
5:50 of 1st period - Slapshot by Rasmus Ristolainen.
5:50 of 1st period - Shot Blocked by Matt Duchene.
5:58 of 1st period - Logan Couture is hit by Pavel Buchnevich and loses puck.
6:23 of 1st period - Shayne Gostisbehere is hit by Pavel Buchnevich and loses puck.
6:41 of 1st period - Kris Versteeg is hit by Daultan Leveillé and loses puck.
7:32 of 1st period - Snap shot by Lawson Crouse.
7:32 of 1st period - Stopped by Ville Husso with a rebound.
8:13 of 1st period - Ben Hutton is hit by Matt Duchene and loses puck.
8:29 of 1st period - Miro Heiskanen is hit by Dmitrij Jaskin and loses puck.
8:46 of 1st period - Minor Penalty to Ben Hutton for Interference.
8:47 of 1st period - Mikkel Boedker wins face-off versus Lawson Crouse in Lightning zone.
8:50 of 1st period - Wrist shot by Matt Duchene.
8:50 of 1st period - Stopped by Alex Nedeljkovic without a rebound.
8:51 of 1st period - Alexander Kerfoot wins face-off versus Matt Duchene in Lightning zone.
9:18 of 1st period - Rasmus Ristolainen is hit by Danny DeKeiser and loses puck.
9:34 of 1st period - Icing by Alex Pietrangelo.
9:35 of 1st period - Logan Couture wins face-off versus Matt Duchene in Panthers zone.
9:57 of 1st period - Wrist shot by Mikkel Boedker.
9:57 of 1st period - Goal by Mikkel Boedker - Lightning : 0 - Panthers : 1.
9:58 of 1st period - Aleksander Barkov wins face-off versus Alexander Kerfoot in neutral zone.
10:22 of 1st period - Icing by John Carlson.
10:23 of 1st period - Kris Versteeg wins face-off versus Nico Hischier in Lightning zone.
10:32 of 1st period - Wrist shot by Jonathan Drouin.
10:32 of 1st period - Shot Misses the Net.
10:34 of 1st period - Slapshot by Rasmus Ristolainen.
10:34 of 1st period - Stopped by Ville Husso without a rebound.
10:35 of 1st period - Alexander Kerfoot wins face-off versus Matt Duchene in Panthers zone.
10:36 of 1st period - Slapshot by Rasmus Ristolainen.
10:36 of 1st period - Stopped by Ville Husso with a rebound.
10:43 of 1st period - Minor Penalty to Nikita Kucherov for Tripping.
10:44 of 1st period - Aleksander Barkov wins face-off versus Alexander Kerfoot in Panthers zone.
12:43 of 1st period - Penalty to Nikita Kucherov is over, Nikita Kucherov is back on ice.
12:59 of 1st period - Rasmus Ristolainen is hit by Nikita Kucherov and loses puck.
14:02 of 1st period - Anthony Beauvillier is hit by Pavel Buchnevich and loses puck.
15:10 of 1st period - Slapshot by Brandon Hagel.
15:10 of 1st period - Stopped by Ville Husso with a rebound.
15:36 of 1st period - Danny DeKeiser is hit by Rasmus Ristolainen and loses puck.
16:23 of 1st period - Ladislav Smid is hit by Rasmus Ristolainen.
16:40 of 1st period - Nico Hischier is hit by Alex Pietrangelo and loses puck.
16:45 of 1st period - Slapshot by Nikolay Goldobin.
16:45 of 1st period - Stopped by Alex Nedeljkovic with a rebound.
16:47 of 1st period - Slapshot by Dominik Kahun.
16:47 of 1st period - Shot Misses the Net.
16:49 of 1st period - Slapshot by Danny DeKeiser.
16:49 of 1st period - Stopped by Alex Nedeljkovic without a rebound.
16:50 of 1st period - Daultan Leveillé wins face-off versus Aleksander Barkov in Lightning zone.
17:21 of 1st period - Off-side.
17:22 of 1st period - Alexander Kerfoot wins face-off versus Matt Duchene in neutral zone.
17:33 of 1st period - Wrist shot by Nikita Kucherov.
17:33 of 1st period - Deflect By Matt Duchene.
17:33 of 1st period - Shot Misses the Net.
17:33 of 1st period - Puck is out of play.
17:34 of 1st period - Alexander Kerfoot wins face-off versus Matt Duchene in Lightning zone.
17:43 of 1st period - Slapshot by Alexander Kerfoot.
17:43 of 1st period - Stopped by Ville Husso with a rebound.
17:45 of 1st period - Slapshot by Rasmus Ristolainen.
17:45 of 1st period - Stopped by Ville Husso without a rebound.
17:46 of 1st period - Matt Duchene wins face-off versus Alexander Kerfoot in Panthers zone.
17:57 of 1st period - Slapshot by Matt Duchene.
17:57 of 1st period - Stopped by Alex Nedeljkovic without a rebound.
17:58 of 1st period - Alexander Kerfoot wins face-off versus Matt Duchene in Lightning zone.
17:58 of 1st period - Alexander Kerfoot is hit by Mikkel Boedker.
18:28 of 1st period - Off-side.
18:29 of 1st period - Aleksander Barkov wins face-off versus Nico Hischier in neutral zone.
18:36 of 1st period - Slapshot by Drake Batherson.
18:36 of 1st period - Stopped by Alex Nedeljkovic with a rebound.
19:04 of 1st period - Wrist shot by Nikita Kucherov.
19:04 of 1st period - Stopped by Alex Nedeljkovic with a rebound.
19:06 of 1st period - Slapshot by Danny DeKeiser.
19:06 of 1st period - Deflect By Matt Duchene.
19:06 of 1st period - Shot Blocked by Shayne Gostisbehere.
19:06 of 1st period - Puck is out of play.
19:07 of 1st period - Alexander Kerfoot wins face-off versus Matt Duchene in Lightning zone.
19:11 of 1st period - Rasmus Ristolainen is hit by Alex Pietrangelo and loses puck.
19:34 of 1st period - Pavel Buchnevich is hit by Nico Hischier.
19:42 of 1st period - Slapshot by Nico Hischier.
19:42 of 1st period - Stopped by Ville Husso with a rebound.
19:44 of 1st period - Slapshot by Miro Heiskanen.
19:44 of 1st period - Stopped by Ville Husso with a rebound.
19:46 of 1st period - Wrist shot by Ben Hutton.
19:46 of 1st period - Shot Misses the Net.
Goals for this period are 0 for Lightning vs 1 for Panthers.
Shots for this period are 8 for Lightning vs 13 for Panthers.

2nd period


0:01 of 2nd period - Matt Duchene wins face-off versus Alexander Kerfoot in neutral zone.
0:32 of 2nd period - Logan Couture is hit by Mikkel Boedker and loses puck.
2:26 of 2nd period - Jimmy Vesey is hit by Alexander Kerfoot and loses puck.
2:43 of 2nd period - Snap shot by Griffin Reinhart.
2:43 of 2nd period - Deflect By Jesper Fast.
2:43 of 2nd period - Stopped by Alex Nedeljkovic with a rebound.
2:57 of 2nd period - Slapshot by Jimmy Vesey.
2:57 of 2nd period - Goal by Jimmy Vesey - Lightning : 0 - Panthers : 2.
2:58 of 2nd period - Mikkel Boedker wins face-off versus Alexander Kerfoot in neutral zone.
3:13 of 2nd period - Wrist shot by Mikkel Boedker.
3:13 of 2nd period - Stopped by Alex Nedeljkovic without a rebound.
3:14 of 2nd period - Nico Hischier wins face-off versus Aleksander Barkov in Lightning zone.
3:27 of 2nd period - Snap shot by Jonathan Drouin.
3:27 of 2nd period - Stopped by Ville Husso with a rebound.
3:29 of 2nd period - Wrist shot by Rasmus Ristolainen.
3:29 of 2nd period - Shot Blocked by Drake Batherson.
3:40 of 2nd period - Minor Penalty to Mikkel Boedker for Holding.
3:41 of 2nd period - Alexander Kerfoot wins face-off versus Aleksander Barkov in Panthers zone.
4:32 of 2nd period - Snap shot by Miro Aaltonen.
4:32 of 2nd period - Shot Misses the Net.
4:44 of 2nd period - Wrist shot by Nico Hischier.
4:44 of 2nd period - Shot Blocked by Danny DeKeiser.
4:46 of 2nd period - Wrist shot by Brandon Hagel.
4:46 of 2nd period - Goal by Brandon Hagel - Lightning : 1 - Panthers : 2.
4:47 of 2nd period - Matt Duchene wins face-off versus Alexander Kerfoot in neutral zone.
5:22 of 2nd period - Slapshot by Logan Couture.
5:22 of 2nd period - Shot Misses the Net.
6:06 of 2nd period - Backhand shot by Lawson Crouse.
6:06 of 2nd period - Shot Blocked by Alex Pietrangelo.
6:08 of 2nd period - Minor Penalty to Jimmy Vesey for Hooking.
6:09 of 2nd period - Alexander Kerfoot wins face-off versus Aleksander Barkov in Panthers zone.
6:34 of 2nd period - Ladislav Smid is hit by Rasmus Ristolainen and loses puck.
6:45 of 2nd period - Snap shot by Brandon Hagel.
6:45 of 2nd period - Stopped by Ville Husso with a rebound.
7:54 of 2nd period - Dominik Kahun is hit by Nico Hischier and loses puck.
8:08 of 2nd period - Penalty to Jimmy Vesey is over, Jimmy Vesey is back on ice.
8:33 of 2nd period - Slapshot by Daultan Leveillé.
8:33 of 2nd period - Stopped by Ville Husso without a rebound.
8:34 of 2nd period - Logan Couture wins face-off versus Dominik Kahun in Panthers zone.
8:56 of 2nd period - Slapshot by Matt Duchene.
8:56 of 2nd period - Stopped by Alex Nedeljkovic with a rebound.
9:38 of 2nd period - Off-side.
9:39 of 2nd period - Alex DeBrincat wins face-off versus Miro Aaltonen in neutral zone.
9:52 of 2nd period - Wrist shot by Kris Versteeg.
9:52 of 2nd period - Shot Blocked by John Carlson.
9:54 of 2nd period - Slapshot by Niklas Hansson.
9:54 of 2nd period - Shot Misses the Net.
9:56 of 2nd period - Snap shot by Jimmy Vesey.
9:56 of 2nd period - Stopped by Alex Nedeljkovic without a rebound.
9:57 of 2nd period - Nico Hischier wins face-off versus Matt Duchene in Lightning zone.
10:37 of 2nd period - Minor Penalty to Griffin Reinhart for Interference.
10:38 of 2nd period - Aleksander Barkov wins face-off versus Alexander Kerfoot in Panthers zone.
10:46 of 2nd period - Slapshot by Rasmus Ristolainen.
10:46 of 2nd period - Shot Blocked by Kris Versteeg.
10:48 of 2nd period - Wrist shot by Miro Heiskanen.
10:48 of 2nd period - Stopped by Ville Husso with a rebound.
10:50 of 2nd period - Slapshot by Miro Heiskanen.
10:50 of 2nd period - Stopped by Ville Husso with a rebound.
10:52 of 2nd period - Wrist shot by Lawson Crouse.
10:52 of 2nd period - Shot Misses the Net.
11:27 of 2nd period - John Carlson is hit by Miro Aaltonen and loses puck.
11:56 of 2nd period - Snap shot by Dominik Kahun.
11:56 of 2nd period - Stopped by Alex Nedeljkovic without a rebound.
11:57 of 2nd period - Alexander Kerfoot wins face-off versus Dominik Kahun in Lightning zone.
12:04 of 2nd period - Snap shot by Jimmy Vesey.
12:04 of 2nd period - Shot Misses the Net.
12:36 of 2nd period - Aleksander Barkov is hit by Jack Roslovic and loses puck.
12:37 of 2nd period - Penalty to Griffin Reinhart is over, Griffin Reinhart is back on ice.
13:39 of 2nd period - Snap shot by Miro Aaltonen.
13:39 of 2nd period - Shot Blocked by Miro Heiskanen.
14:04 of 2nd period - Michael Kostka is hit by Matt Duchene and loses puck.
14:17 of 2nd period - Drake Batherson is hit by Brandon Hagel and loses puck.
14:26 of 2nd period - Wrist shot by Logan Couture.
14:26 of 2nd period - Shot Misses the Net.
14:38 of 2nd period - Backhand shot by Dmitrij Jaskin.
14:38 of 2nd period - Shot Blocked by Ben Hutton.
14:40 of 2nd period - Snap shot by Dmitrij Jaskin.
14:40 of 2nd period - Stopped by Alex Nedeljkovic without a rebound.
14:41 of 2nd period - Alexander Kerfoot wins face-off versus Dominik Kahun in Lightning zone.
15:06 of 2nd period - Backhand shot by Ladislav Smid.
15:06 of 2nd period - Shot Blocked by John Carlson.
15:38 of 2nd period - Radim Simek is hit by Rasmus Ristolainen and loses puck.
15:49 of 2nd period - Snap shot by Jack Roslovic.
15:49 of 2nd period - Deflect By Jonathan Drouin.
15:49 of 2nd period - Shot Misses the Net.
15:49 of 2nd period - Puck is out of play.
15:50 of 2nd period - Alexander Kerfoot wins face-off versus Matt Duchene in Panthers zone.
16:05 of 2nd period - Wrist shot by Alexander Kerfoot.
16:05 of 2nd period - Deflect By Lawson Crouse.
16:05 of 2nd period - Stopped by Ville Husso with a rebound.
16:25 of 2nd period - Slapshot by Logan Couture.
16:25 of 2nd period - Goal by Logan Couture - Lightning : 2 - Panthers : 2.
16:26 of 2nd period - Matt Duchene wins face-off versus Alexander Kerfoot in neutral zone.
16:26 of 2nd period - Matt Duchene is hit by Lawson Crouse.
16:40 of 2nd period - Snap shot by Alexander Kerfoot.
16:40 of 2nd period - Shot Misses the Net.
17:09 of 2nd period - Icing by Shayne Gostisbehere.
17:10 of 2nd period - Kris Versteeg wins face-off versus Logan Couture in Lightning zone.
17:23 of 2nd period - Slapshot by Kris Versteeg.
17:23 of 2nd period - Shot Blocked by Shayne Gostisbehere.
17:25 of 2nd period - Wrist shot by Jimmy Vesey.
17:25 of 2nd period - Deflect By Brandon Hagel.
17:25 of 2nd period - Stopped by Alex Nedeljkovic with a rebound.
17:27 of 2nd period - Slapshot by Danny DeKeiser.
17:27 of 2nd period - Deflect By Miro Aaltonen.
17:27 of 2nd period - Stopped by Alex Nedeljkovic with a rebound.
17:39 of 2nd period - Wrist shot by Alexander Kerfoot.
17:39 of 2nd period - Deflect By Alex DeBrincat.
17:39 of 2nd period - Shot Misses the Net.
17:39 of 2nd period - Puck is out of play.
17:40 of 2nd period - Alexander Kerfoot wins face-off versus Matt Duchene in Panthers zone.
18:05 of 2nd period - Mikkel Boedker is hit by Jack Roslovic and loses puck.
18:51 of 2nd period - Snap shot by Lawson Crouse.
18:51 of 2nd period - Shot Misses the Net.
19:05 of 2nd period - Shayne Gostisbehere is hit by Nikolay Goldobin and loses puck.
19:14 of 2nd period - Slapshot by Alex Pietrangelo.
19:14 of 2nd period - Shot Misses the Net.
19:16 of 2nd period - Snap shot by Dominik Kahun.
19:16 of 2nd period - Stopped by Alex Nedeljkovic with a rebound.
19:18 of 2nd period - Backhand shot by Niklas Hansson.
19:18 of 2nd period - Shot Misses the Net.
19:49 of 2nd period - Icing by Kris Versteeg.
19:50 of 2nd period - Logan Couture wins face-off versus Miro Aaltonen in Panthers zone.
19:59 of 2nd period - Wrist shot by Kris Versteeg.
19:59 of 2nd period - Stopped by Alex Nedeljkovic with a rebound.
Goals for this period are 2 for Lightning vs 1 for Panthers.
Shots for this period are 8 for Lightning vs 11 for Panthers.

3rd period


0:01 of 3rd period - Matt Duchene wins face-off versus Alexander Kerfoot in neutral zone.
0:08 of 3rd period - Snap shot by Nikita Kucherov.
0:08 of 3rd period - Stopped by Alex Nedeljkovic without a rebound.
0:09 of 3rd period - Matt Duchene wins face-off versus Alexander Kerfoot in Lightning zone.
0:18 of 3rd period - Wrist shot by Mikkel Boedker.
0:18 of 3rd period - Stopped by Alex Nedeljkovic with a rebound.
0:31 of 3rd period - Off-side.
0:32 of 3rd period - Nico Hischier wins face-off versus Aleksander Barkov in neutral zone.
0:45 of 3rd period - Wrist shot by Pavel Buchnevich.
0:45 of 3rd period - Shot Misses the Net.
0:59 of 3rd period - Ladislav Smid is hit by Alex DeBrincat and loses puck.
2:10 of 3rd period - Off-side.
2:11 of 3rd period - Nikita Kucherov wins face-off versus Alexander Kerfoot in neutral zone.
2:14 of 3rd period - Rasmus Ristolainen is hit by Mikkel Boedker and loses puck.
2:28 of 3rd period - Minor Penalty to Matt Duchene for Holding.
2:29 of 3rd period - Aleksander Barkov wins face-off versus Alexander Kerfoot in Panthers zone.
2:47 of 3rd period - Aleksander Barkov is hit by Alexander Kerfoot and loses puck.
3:20 of 3rd period - Minor Penalty to Alexander Kerfoot for Interference.
3:21 of 3rd period - Brandon Hagel wins face-off versus Pavel Buchnevich in Lightning zone.
3:26 of 3rd period - Niklas Hansson is hit by Lawson Crouse and loses puck.
4:28 of 3rd period - Penalty to Matt Duchene is over, Matt Duchene is back on ice.
4:36 of 3rd period - Snap shot by Alex Pietrangelo.
4:36 of 3rd period - Stopped by Alex Nedeljkovic with a rebound.
4:38 of 3rd period - Snap shot by Matt Duchene.
4:38 of 3rd period - Stopped by Alex Nedeljkovic without a rebound.
4:39 of 3rd period - Matt Duchene wins face-off versus Nico Hischier in Lightning zone.
5:20 of 3rd period - Penalty to Alexander Kerfoot is over, Alexander Kerfoot is back on ice.
5:28 of 3rd period - Snap shot by Dmitrij Jaskin.
5:28 of 3rd period - Stopped by Alex Nedeljkovic without a rebound.
5:29 of 3rd period - Logan Couture wins face-off versus Dominik Kahun in Lightning zone.
5:40 of 3rd period - Nikolay Goldobin is hit by Brandon Hagel and loses puck.
5:41 of 3rd period - Nikolay Goldobin from Panthers is injured at 5:41 of 3rd period (Torn Left Knee Ligaments).
5:42 of 3rd period - Alexander Kerfoot wins face-off versus Matt Duchene in Panthers zone.
5:45 of 3rd period - Wrist shot by Lawson Crouse.
5:45 of 3rd period - Stopped by Ville Husso with a rebound.
6:06 of 3rd period - Icing by Rasmus Ristolainen.
6:07 of 3rd period - Nico Hischier wins face-off versus Aleksander Barkov in Lightning zone.
6:12 of 3rd period - Nico Hischier is hit by Danny DeKeiser and loses puck.
6:23 of 3rd period - Wrist shot by Jack Roslovic.
6:23 of 3rd period - Stopped by Ville Husso with a rebound.
6:35 of 3rd period - Snap shot by Matt Duchene.
6:35 of 3rd period - Stopped by Alex Nedeljkovic with a rebound.
6:37 of 3rd period - Wrist shot by Danny DeKeiser.
6:37 of 3rd period - Shot Misses the Net.
6:57 of 3rd period - Wrist shot by Brandon Hagel.
6:57 of 3rd period - Shot Misses the Net.
6:59 of 3rd period - Snap shot by Brandon Hagel.
6:59 of 3rd period - Shot Misses the Net.
7:01 of 3rd period - Slapshot by Shayne Gostisbehere.
7:01 of 3rd period - Stopped by Ville Husso with a rebound.
7:03 of 3rd period - Wrist shot by Shayne Gostisbehere.
7:03 of 3rd period - Deflect By Alex Pietrangelo.
7:03 of 3rd period - Stopped by Ville Husso without a rebound.
7:04 of 3rd period - Nico Hischier wins face-off versus Matt Duchene in Panthers zone.
7:07 of 3rd period - Snap shot by Jack Roslovic.
7:07 of 3rd period - Shot Blocked by Niklas Hansson.
7:31 of 3rd period - Lawson Crouse is hit by Niklas Hansson and loses puck.
8:17 of 3rd period - Wrist shot by Mikkel Boedker.
8:17 of 3rd period - Shot Misses the Net.
8:20 of 3rd period - Icing by Shayne Gostisbehere.
8:21 of 3rd period - Matt Duchene wins face-off versus Logan Couture in Lightning zone.
8:32 of 3rd period - Wrist shot by Mikkel Boedker.
8:32 of 3rd period - Stopped by Alex Nedeljkovic with a rebound.
8:34 of 3rd period - Snap shot by Nikita Kucherov.
8:34 of 3rd period - Stopped by Alex Nedeljkovic with a rebound.
8:36 of 3rd period - Slapshot by Niklas Hansson.
8:36 of 3rd period - Deflect By Mikkel Boedker.
8:36 of 3rd period - Goal by Mikkel Boedker - Lightning : 2 - Panthers : 3.
8:37 of 3rd period - Matt Duchene wins face-off versus Alexander Kerfoot in neutral zone.
9:11 of 3rd period - Snap shot by Pavel Buchnevich.
9:11 of 3rd period - Shot Hit the Post.
9:13 of 3rd period - Slapshot by Alex Pietrangelo.
9:13 of 3rd period - Stopped by Alex Nedeljkovic without a rebound.
9:14 of 3rd period - Alexander Kerfoot wins face-off versus Matt Duchene in Lightning zone.
9:19 of 3rd period - Slapshot by Rasmus Ristolainen.
9:19 of 3rd period - Stopped by Ville Husso with a rebound.
9:41 of 3rd period - Pavel Buchnevich is hit by Rasmus Ristolainen and loses puck.
9:58 of 3rd period - Minor Penalty to Aleksander Barkov for Tripping.
9:59 of 3rd period - Miro Aaltonen wins face-off versus Alexander Kerfoot in Panthers zone.
9:59 of 3rd period - Miro Aaltonen is hit by Miro Heiskanen.
11:04 of 3rd period - Wrist shot by Alexander Kerfoot.
11:04 of 3rd period - Stopped by Ville Husso without a rebound.
11:05 of 3rd period - Jimmy Vesey wins face-off versus Brandon Hagel in Panthers zone.
11:22 of 3rd period - Wrist shot by Nico Hischier.
11:22 of 3rd period - Shot Blocked by Danny DeKeiser.
11:58 of 3rd period - Penalty to Aleksander Barkov is over, Aleksander Barkov is back on ice.
12:09 of 3rd period - Wrist shot by Nikita Kucherov.
12:09 of 3rd period - Deflect By Matt Duchene.
12:09 of 3rd period - Shot Blocked by Jesper Fast.
12:09 of 3rd period - Puck is out of play.
12:10 of 3rd period - Daultan Leveillé wins face-off versus Matt Duchene in Lightning zone.
12:17 of 3rd period - Slapshot by Michael Kostka.
12:17 of 3rd period - Shot Blocked by Alex Pietrangelo.
12:19 of 3rd period - Snap shot by Jesper Fast.
12:19 of 3rd period - Deflect By Teemu Hartikainen.
12:19 of 3rd period - Stopped by Ville Husso with a rebound.
12:21 of 3rd period - Slapshot by Shayne Gostisbehere.
12:21 of 3rd period - Shot Blocked by Mikkel Boedker.
12:23 of 3rd period - Slapshot by Jesper Fast.
12:23 of 3rd period - Stopped by Ville Husso without a rebound.
12:24 of 3rd period - Matt Duchene wins face-off versus Nico Hischier in Panthers zone.
13:24 of 3rd period - Jimmy Vesey is hit by Shayne Gostisbehere.
13:48 of 3rd period - Minor Penalty to Jesper Fast for Slashing.
13:49 of 3rd period - Alexander Kerfoot wins face-off versus Matt Duchene in Lightning zone.
13:49 of 3rd period - Alexander Kerfoot is hit by Danny DeKeiser.
14:15 of 3rd period - Snap shot by Pavel Buchnevich.
14:15 of 3rd period - Shot Misses the Net.
14:17 of 3rd period - Snap shot by Griffin Reinhart.
14:17 of 3rd period - Shot Misses the Net.
14:19 of 3rd period - Wrist shot by Aleksander Barkov.
14:19 of 3rd period - Shot Blocked by Alexander Kerfoot.
14:21 of 3rd period - Slapshot by Niklas Hansson.
14:21 of 3rd period - Stopped by Alex Nedeljkovic without a rebound.
14:22 of 3rd period - Alexander Kerfoot wins face-off versus Pavel Buchnevich in Lightning zone.
15:48 of 3rd period - Penalty to Jesper Fast is over, Jesper Fast is back on ice.
16:03 of 3rd period - Snap shot by Anthony Beauvillier.
16:03 of 3rd period - Shot Misses the Net.
16:25 of 3rd period - Rasmus Ristolainen is hit by Drake Batherson and loses puck.
17:04 of 3rd period - Dmitrij Jaskin is hit by Alexander Kerfoot and loses puck.
17:15 of 3rd period - Anthony Beauvillier is hit by Pavel Buchnevich and loses puck.
17:46 of 3rd period - Wrist shot by Lawson Crouse.
17:46 of 3rd period - Stopped by Ville Husso without a rebound.
17:47 of 3rd period - Alexander Kerfoot wins face-off versus Aleksander Barkov in Panthers zone.
17:48 of 3rd period - Snap shot by Lawson Crouse.
17:48 of 3rd period - Goal by Lawson Crouse - Lightning : 3 - Panthers : 3.
17:49 of 3rd period - Kris Versteeg wins face-off versus Logan Couture in neutral zone.
17:56 of 3rd period - Wrist shot by Jimmy Vesey.
17:56 of 3rd period - Stopped by Alex Nedeljkovic with a rebound.
18:10 of 3rd period - Minor Penalty to Miro Aaltonen for Hooking.
18:11 of 3rd period - Aleksander Barkov wins face-off versus Alexander Kerfoot in Panthers zone.
18:11 of 3rd period - Aleksander Barkov is hit by Miro Heiskanen.
18:21 of 3rd period - Slapshot by Rasmus Ristolainen.
18:21 of 3rd period - Stopped by Ville Husso without a rebound.
18:22 of 3rd period - Aleksander Barkov wins face-off versus Alexander Kerfoot in Panthers zone.
Goals for this period are 1 for Lightning vs 1 for Panthers.
Shots for this period are 11 for Lightning vs 12 for Panthers.

Overtime #1


0:01 of 1st overtime period - Kris Versteeg wins face-off versus Alexander Kerfoot in neutral zone.
0:10 of 1st overtime period - Penalty to Miro Aaltonen is over, Miro Aaltonen is back on ice.
0:35 of 1st overtime period - Wrist shot by Jack Roslovic.
0:35 of 1st overtime period - Goal by Jack Roslovic - Lightning : 4 - Panthers : 3.
Goals for this period are 1 for Lightning vs 0 for Panthers.
Shots for this period are 1 for Lightning vs 0 for Panthers.